AoeStats
← A Bá

Black Forest

509592424Analyzed
4v4 RM · 6d ago on Sep 27, 2026· 88m 27s· 8 players
Game mode
Random Map
Map size
Large (8 player)
Population
200
Speed
Normal
Resources
Standard
Victory
Conquest
Starting age
Dark Age
Ending age
Imperial Age
RankedLock teamsTeams togetherTeam positionsShared explorationLock speedFull tech treeHidden civsTurbo modeCheats
Victory
Defeat
🇩🇪 Bengalis · Germany
1222
+15
🇬🇧 Persians · United Kingdom
1194
+16
🇫🇷 Byzantines · France
1171
+17
🇩🇪 Bohemians · Germany
1134
+18
🇨🇳 Spanish · China
1223
-18
🇦🇺 Saxons · Australia
1217
-18
🇻🇳 Turks · Vietnam
1197
-17
1110
-13
KKUSH-PANIER
2:25 Loom
13:33 Feudal Age
22:43 Castle Age
21:31 Stone Mining
22:07 Gold Mining
25:00 Horse Collar
25:10 Double-Bit Axe
26:33 Wheelbarrow
31:18 Imperial Age
29:16 Bow Saw
29:14 Heavy Plow
31:02 Scale Barding Armor
31:08 Forging
31:43 Hand Cart
33:05 Chemistry
32:29 Conscription
34:08 Chain Barding Armor
36:36 Scale Mail Armor
37:11 Iron Casting
38:27 Pikeman
40:20 Halberdier
42:14 Hoardings
45:09 Chain Mail Armor
47:24 Two-Man Saw
46:30 Caravan
53:06 Elite Cataphract
54:50 Plate Barding Armor
54:46 Plate Mail Armor
55:52 Onager
68:05 Elite Varangian Guard
82:17 Ballistics
81:50 Fletching
MarkiManki
11:25 Feudal Age
15:26 Castle Age
16:41 Demolition Ship
17:55 Double-Bit Axe
23:03 Wheelbarrow
22:56 Bow Saw
22:32 Horse Collar
24:02 Fletching
25:11 Hand Cart
25:13 Heavy Plow
30:02 Imperial Age
27:44 Bodkin Arrow
27:57 Scale Barding Armor
27:56 Gold Mining
30:10 Ballistics
30:44 Bracer
30:45 Elite Elephant Archer
35:43 Chain Barding Armor
35:27 Caravan
35:49 Town Watch
38:09 Plate Barding Armor
38:10 Crop Rotation
37:44 Husbandry
37:55 Bloodlines
40:56 Gold Shaft Mining
43:50 Chemistry
42:57 Siege Engineers
45:46 Padded Archer Armor
53:40 Conscription
53:29 Paiks
55:08 Squires
54:29 Man-at-Arms
55:20 Forging
55:11 Scale Mail Armor
55:15 Gambesons
55:38 Long Swordsman
56:59 Iron Casting
56:53 Masonry
56:59 Fortified Wall
57:02 Masonry
56:18 Two-Handed Swordsman
57:18 Chain Mail Armor
56:55 Champion
60:17 Blast Furnace
59:56 Siege Elephant
63:24 Two-Man Saw
67:39 Coinage
72:22 Arson
79:01 Banking
78:47 Guilds
jamo
10:21 Feudal Age
15:25 Castle Age
18:02 Double-Bit Axe
19:18 Horse Collar
22:03 Bow Saw
26:14 Scale Barding Armor
26:20 Forging
26:20 Gold Mining
27:46 Chain Barding Armor
28:39 Husbandry
28:49 Bloodlines
29:48 Iron Casting
30:28 Gold Shaft Mining
31:42 Wheelbarrow
32:06 Fletching
34:56 Imperial Age
34:15 Light Cavalry
36:51 Hussar
37:45 Heavy Plow
38:28 Cavalier
39:19 Loom
42:37 Crop Rotation
44:15 Blast Furnace
43:51 Plate Barding Armor
44:16 Conscription
44:54 Hand Cart
47:03 Chemistry
51:12 Kamandaran
51:24 Bodkin Arrow
51:29 Padded Archer Armor
51:29 Town Watch
52:58 Crossbowman
54:33 Citadels
56:51 Leather Archer Armor
56:39 Town Patrol
57:17 Thumb Ring
57:36 Ballistics
62:49 Two-Man Saw
68:14 Savar
krafrijo
10:44 Loom
12:29 Feudal Age
18:52 Castle Age
17:07 Horse Collar
20:44 Double-Bit Axe
21:02 Heavy Plow
24:10 Fortified Wall
34:03 Bow Saw
46:00 Caravan
50:07 Husbandry
49:29 Light Cavalry
54:36 Imperial Age
53:49 Scale Barding Armor
55:02 Forging
54:54 Elite Hussite Wagon
57:22 Chain Barding Armor
57:46 Fletching
58:26 Wagenburg Tactics
60:33 Wheelbarrow
60:52 Siege Engineers
62:28 Conscription
63:31 Conscription
63:42 Conscription
64:40 Iron Casting
68:12 Blast Furnace
69:45 Bodkin Arrow
73:17 Chemistry
72:44 Ballistics
73:18 Houfnice
78:01 Town Watch
78:31 Hand Cart
87:04 Bracer
打帝国需要戴老花镜
2:24 Loom
13:20 Feudal Age
13:23 Man-at-Arms
18:42 Castle Age
17:14 Scale Mail Armor
18:36 Forging
21:55 Town Watch
27:00 Wheelbarrow
27:05 Chain Mail Armor
29:47 Iron Casting
28:43 Long Swordsman
29:24 Horse Collar
33:37 Imperial Age
31:05 Arson
32:29 Hand Cart
32:24 Two-Handed Swordsman
32:51 Gambesons
34:23 Squires
33:45 Champion
34:08 Capped Ram
35:15 Siege Ram
36:53 Fletching
37:07 Town Patrol
39:53 Blast Furnace
39:08 Scale Barding Armor
41:10 Plate Mail Armor
44:16 Caravan
45:01 Padded Archer Armor
44:56 Bodkin Arrow
46:52 Leather Archer Armor
46:22 Elite Skirmisher
47:56 Coinage
48:18 Ring Archer Armor
47:49 Bracer
51:36 Chemistry
50:58 Ballistics
51:34 Conscription
54:31 Masonry
54:23 Heavy Plow
55:33 Banking
55:52 Fereters
61:33 Bombard Tower
64:37 Elite Composite Bowman
66:34 Chain Barding Armor
66:58 Treadmill Crane
71:27 Guilds
Súc Vật Du Phong
1:26 Loom
12:07 Feudal Age
14:15 Double-Bit Axe
17:29 Castle Age
15:24 Horse Collar
16:01 Gold Mining
18:18 Heavy Plow
18:48 Bow Saw
23:26 Imperial Age
22:26 Padded Archer Armor
24:04 Leather Archer Armor
25:42 Wheelbarrow
30:57 Ring Archer Armor
35:05 Hand Cart
39:05 Husbandry
42:03 Heavy Camel Rider
45:29 Forging
45:25 Scale Barding Armor
45:48 Bloodlines
47:07 Two-Man Saw
48:35 Iron Casting
48:20 Chain Barding Armor
52:06 Blast Furnace
56:01 Plate Barding Armor
59:04 Scale Mail Armor
67:17 Caravan
68:39 Fletching
我很牛逼
5:15 Loom
10:55 Feudal Age
13:25 Double-Bit Axe
17:41 Castle Age
19:05 Bow Saw
24:47 Scale Barding Armor
31:17 Wheelbarrow
30:42 Gold Mining
34:57 Imperial Age
32:13 Fishing Lines
33:43 Chain Barding Armor
33:33 Forging
33:43 Chain Barding Armor
33:33 Forging
33:54 Husbandry
34:05 Bloodlines
34:12 Horse Collar
35:07 Hand Cart
35:17 Cavalier
37:05 Chemistry
36:16 Fortified Wall
36:26 Gillnets
36:39 Heavy Plow
36:26 Town Watch
37:20 Iron Casting
37:20 Plate Barding Armor
37:56 Two-Man Saw
37:29 Conscription
37:29 Supremacy
37:59 Scale Mail Armor
39:00 Blast Furnace
37:50 Paladin
39:16 Squires
38:49 Pikeman
39:15 Arson
39:15 Gambesons
39:54 Bombard Tower
39:45 Halberdier
40:44 Chain Mail Armor
43:24 Hoardings
43:23 Plate Mail Armor
42:52 Murder Holes
43:08 Masonry
42:44 Arrowslits
43:20 Ballistics
42:52 Fletching
43:31 Light Cavalry
45:30 Hussar
46:55 Caravan
68:42 Man-at-Arms
70:33 Elite Skirmisher
70:46 Long Swordsman
71:40 Two-Handed Swordsman
72:56 Champion
75:10 Thumb Ring
74:26 Heavy Mounted Crossbowman
75:56 Bodkin Arrow
A Bá
0:27 Loom
13:36 Feudal Age
15:55 Double-Bit Axe
18:28 Castle Age
16:56 Stone Mining
17:43 Gold Mining
20:19 Bow Saw
21:14 Fletching
22:18 Wheelbarrow
25:34 Fishing Lines
26:07 Scale Mail Armor
25:51 Pikeman
29:20 Horse Collar
30:08 Squires
32:19 Chain Mail Armor
33:37 Arson
34:14 Forging
35:14 Gold Shaft Mining
36:17 Iron Casting
35:50 Gillnets
36:20 Heavy Plow
40:55 Imperial Age
38:28 Clerical Recruitment
39:14 Bodkin Arrow
39:39 Herbal Medicine
42:04 Conscription
43:29 Two-Man Saw
42:44 Elite Hearth Troop
43:05 Halberdier
44:17 Plate Mail Armor
45:04 Hand Cart
45:11 Hand Cart
44:42 Town Watch
44:43 Shield Wall
46:33 Treadmill Crane
47:04 Masonry
46:18 Elite Skirmisher
47:02 Bracer
47:02 Padded Archer Armor
48:45 Chemistry
48:08 Ballistics
49:47 Architecture
49:55 Leather Archer Armor
50:48 Caravan
51:39 Fortified Wall
54:51 Town Patrol
63:06 Elite Varangian Guard
66:10 Ring Archer Armor
69:18 Crop Rotation
83:25 Onager
Connection lost

Rejoining the realm…

Still unreachable

The connection could not be restored.

Session expired

The server has moved on; the page needs a fresh start.